[ PARTIDA AOE2 · #480432312 ]
UnrankedEtíopes vs Khmer
[ ANÁLISIS DE REPETICIÓN · EXTRAÍDO DE LA PARTIDA GRABADA ]
Feudal
10:11
Castillos
13:41
Imperial
27:00
| APM promedio | 40.3 |
| APM pico | 87 |
| eAPM promedio | 27.2 |
| Aldeanos / militares | 145 / 213 |
Foco
⚔️ 40.0% · 🌾 60.0%
Spearman ×199 · Bombard Cannon ×7 · Trade Cart ×6 · Trebuchet (Packed) ×3 · Monk ×2 · Battering Ram ×2
Feudal
11:49
Castillos
—
Imperial
—
| APM promedio | 20.1 |
| APM pico | 54 |
| eAPM promedio | 12.1 |
| Aldeanos / militares | 43 / 0 |
Foco
⚔️ 38.4% · 🌾 61.6%
Feudal
11:21
Castillos
14:57
Imperial
32:10
| APM promedio | 49.1 |
| APM pico | 82 |
| eAPM promedio | 30.1 |
| Aldeanos / militares | 151 / 243 |
Foco
⚔️ 42.7% · 🌾 57.3%
Militia ×138 · Battering Ram ×47 · Scorpion ×28 · Spearman ×25 · Mangonel ×5
Feudal
12:11
Castillos
14:51
Imperial
37:06
| APM promedio | 35.9 |
| APM pico | 79 |
| eAPM promedio | 22.9 |
| Aldeanos / militares | 149 / 83 |
Foco
⚔️ 16.1% · 🌾 83.9%
Battle Elephant ×49 · Scorpion ×17 · Ballista Elephant ×15 · Battering Ram ×2
Feudal
8:09
Castillos
25:20
Imperial
33:07
| APM promedio | 26.5 |
| APM pico | 49 |
| eAPM promedio | 19.2 |
| Aldeanos / militares | 98 / 33 |
Foco
⚔️ 31.5% · 🌾 68.5%
Hand Cannoneer ×23 · Mangonel ×10
Feudal
11:26
Castillos
14:56
Imperial
26:53
| APM promedio | 25.5 |
| APM pico | 65 |
| eAPM promedio | 17.0 |
| Aldeanos / militares | 123 / 139 |
Foco
⚔️ 22.8% · 🌾 77.2%
Hand Cannoneer ×103 · Flemish Militia ×28 · Bombard Cannon ×7 · Monk ×1
Feudal
8:33
Castillos
19:27
Imperial
34:25
| APM promedio | 35.8 |
| APM pico | 82 |
| eAPM promedio | 24.7 |
| Aldeanos / militares | 145 / 129 |
Foco
⚔️ 52.6% · 🌾 47.4%
Steppe Lancer ×77 · Scout Cavalry ×34 · Knight ×11 · Mangonel ×6 · Trebuchet (Packed) ×1
Feudal
10:32
Castillos
14:04
Imperial
—
| APM promedio | 36.5 |
| APM pico | 77 |
| eAPM promedio | 21.5 |
| Aldeanos / militares | 144 / 131 |
Foco
⚔️ 32.6% · 🌾 67.4%
Bolas Rider ×60 · Kona ×58 · Monk ×8 · Mangonel ×3 · Spearman ×1 · Trebuchet (Packed) ×1
Mapa de la partida
Recursos iniciales + cada clic de construcción. Líneas = muros · curvas = relieve. ◆ oro · ⬟ piedra · ● bayas · ✦ reliquia · ◌ hueco del cierre
Tu base· ✓ Cerrada en 13:41 · 0t muro · 2 puerta(s)
Base de 白鹿城大兵WOLOLO· ✓ Cerrada en 12:00 · 0t muro · 2 puerta(s)
Base de bbcc· ✓ Cerrada en 14:57 · 1t muro · 2 puerta(s)
Base de 76561199637116397· ✓ Cerrada en 14:51 · 0t muro · 2 puerta(s)
Base de TheBlackMamba· ✓ Cerrada en 25:20 · 36t muro · 4 puerta(s)
Base de Black-ants· ✓ Cerrada en 14:56 · 0t muro · 3 puerta(s)
Base de PaLikaRi· ✓ Cerrada en 19:27 · 0t muro · 2 puerta(s)
Base de RJYQwQ· ✓ Cerrada en 14:04 · 0t muro · 2 puerta(s)
Terreno inicial suavizado · ◌ = hueco del cierre detectado · pasá el cursor para detalles
Inputs por minuto
— 抖音KK - - 白鹿城大兵WOLOLO
Build order — 抖音KK
Primeras 150 de 572 acciones detectadas
| 0:01 | Crear | Villager (Male) |
| 0:01 | Crear | Villager (Male) |
| 0:01 | Crear | Villager (Male) |
| 0:02 | Construir | House |
| 0:04 | Construir | House |
| 0:11 | Crear | Villager (Male) |
| 1:24 | Crear | Villager (Male) |
| 1:42 | Construir | Lumber Camp |
| 1:54 | Crear | Villager (Male) |
| 1:54 | Crear | Villager (Male) |
| 2:21 | Crear | Villager (Male) |
| 2:51 | Crear | Villager (Male) |
| 2:54 | Crear | Villager (Male) |
| 3:32 | Crear | Villager (Male) |
| 3:38 | Construir | House |
| 4:03 | Crear | Villager (Male) |
| 4:22 | Crear | Villager (Male) |
| 4:40 | Crear | Villager (Male) |
| 5:06 | Crear | Villager (Male) |
| 5:06 | Crear | Villager (Male) |
| 5:14 | Construir | Mill |
| 5:18 | Construir | Mill |
| 5:33 | Crear | Villager (Male) |
| 5:54 | Construir | Farm |
| 5:55 | Crear | Villager (Male) |
| 6:12 | Crear | Villager (Male) |
| 6:19 | Construir | House |
| 6:46 | Crear | Villager (Male) |
| 7:29 | Crear | Villager (Male) |
| 8:01 | Investigar | Feudal Age |
| 8:02 | Investigar | Feudal Age |
| 8:40 | Crear | Villager (Male) |
| 8:40 | Crear | Villager (Male) |
| 10:11 | Edad | Edad Feudal |
| 10:13 | Construir | Market |
| 10:15 | Construir | Blacksmith |
| 10:32 | Investigar | Double-Bit Axe |
| 11:00 | Investigar | Castle Age |
| 11:00 | Investigar | Castle Age |
| 11:22 | Construir | Farm |
| 11:26 | Investigar | Horse Collar |
| 11:40 | Construir | Farm |
| 11:55 | Crear | Villager (Male) |
| 12:14 | Crear | Villager (Male) |
| 12:56 | Construir | House |
| 13:26 | Construir | Farm |
| 13:41 | Edad | Edad de los Castillos |
| 13:45 | Crear | Villager (Male) |
| 13:47 | Construir | Town Center |
| 13:53 | Construir | Town Center |
| 13:54 | Crear | Villager (Male) |
| 13:55 | Investigar | Bow Saw |
| 14:07 | Construir | Farm |
| 14:08 | Crear | Villager (Male) |
| 14:16 | Construir | Monastery |
| 14:37 | Construir | Farm |
| 14:40 | Crear | Villager (Male) |
| 14:59 | Construir | Farm |
| 15:02 | Crear | Villager (Male) |
| 15:08 | Crear | Villager (Male) |
| 15:10 | Crear | Villager (Male) |
| 15:16 | Construir | Farm |
| 15:17 | Crear | Villager (Male) |
| 15:22 | Crear | Monk |
| 15:24 | Construir | Farm |
| 15:36 | Construir | Farm |
| 15:39 | Crear | Villager (Male) |
| 15:39 | Crear | Villager (Male) |
| 15:40 | Crear | Villager (Male) |
| 15:50 | Crear | Villager (Male) |
| 15:53 | Construir | Farm |
| 16:02 | Construir | Farm |
| 16:10 | Construir | Farm |
| 16:12 | Crear | Villager (Male) |
| 16:17 | Crear | Villager (Male) |
| 16:27 | Construir | Farm |
| 16:31 | Crear | Villager (Male) |
| 16:31 | Crear | Villager (Male) |
| 16:37 | Construir | Farm |
| 16:39 | Construir | Farm |
| 16:40 | Crear | Villager (Male) |
| 16:43 | Construir | House |
| 17:13 | Construir | House |
| 17:14 | Investigar | Wheelbarrow |
| 17:14 | Investigar | Wheelbarrow |
| 17:19 | Construir | Farm |
| 17:20 | Crear | Villager (Male) |
| 17:25 | Construir | Farm |
| 17:27 | Crear | Monk |
| 17:35 | Crear | Villager (Male) |
| 17:42 | Construir | Farm |
| 17:42 | Crear | Villager (Male) |
| 17:44 | Construir | Farm |
| 17:44 | Crear | Villager (Male) |
| 17:46 | Construir | Farm |
| 17:48 | Construir | Farm |
| 17:52 | Construir | House |
| 17:53 | Construir | House |
| 17:56 | Crear | Villager (Male) |
| 18:05 | Crear | Villager (Male) |
| 18:13 | Crear | Villager (Male) |
| 18:16 | Crear | Villager (Male) |
| 18:26 | Crear | Villager (Male) |
| 18:34 | Construir | Town Center |
| 18:39 | Crear | Villager (Male) |
| 18:43 | Crear | Villager (Male) |
| 18:47 | Construir | Farm |
| 18:48 | Crear | Villager (Male) |
| 18:49 | Crear | Villager (Male) |
| 19:02 | Crear | Villager (Male) |
| 19:04 | Crear | Villager (Male) |
| 19:22 | Crear | Villager (Male) |
| 19:26 | Crear | Villager (Male) |
| 19:32 | Crear | Villager (Male) |
| 19:35 | Construir | Farm |
| 19:36 | Crear | Villager (Male) |
| 19:39 | Construir | Farm |
| 19:40 | Crear | Villager (Male) |
| 19:41 | Construir | Farm |
| 19:42 | Crear | Villager (Male) |
| 19:54 | Crear | Villager (Male) |
| 20:00 | Construir | Lumber Camp |
| 20:01 | Crear | Villager (Male) |
| 20:05 | Crear | Villager (Male) |
| 20:06 | Construir | Farm |
| 20:07 | Construir | Farm |
| 20:07 | Construir | Farm |
| 20:07 | Construir | Farm |
| 20:08 | Crear | Villager (Male) |
| 20:12 | Crear | Villager (Male) |
| 20:14 | Construir | Farm |
| 20:15 | Crear | Villager (Male) |
| 20:17 | Construir | Farm |
| 20:18 | Construir | Farm |
| 20:19 | Crear | Villager (Male) |
| 20:26 | Crear | Villager (Male) |
| 20:34 | Crear | Villager (Male) |
| 20:35 | Construir | House |
| 20:40 | Construir | Farm |
| 20:51 | Construir | Farm |
| 20:53 | Investigar | Hand Cart |
| 20:53 | Investigar | Hand Cart |
| 20:55 | Crear | Villager (Male) |
| 20:58 | Construir | Mining Camp |
| 21:03 | Construir | House |
| 21:05 | Construir | House |
| 21:05 | Crear | Villager (Male) |
| 21:08 | Crear | Villager (Male) |
| 21:09 | Crear | Villager (Male) |
| 21:11 | Crear | Villager (Male) |
Build order — 白鹿城大兵WOLOLO
73 acciones detectadas en el replay
| 0:02 | Crear | Villager (Male) |
| 0:02 | Crear | Villager (Male) |
| 0:02 | Crear | Villager (Male) |
| 0:03 | Crear | Villager (Male) |
| 0:03 | Crear | Villager (Male) |
| 0:05 | Construir | House |
| 0:07 | Construir | House |
| 1:28 | Crear | Villager (Male) |
| 1:28 | Crear | Villager (Male) |
| 1:56 | Crear | Villager (Male) |
| 1:56 | Crear | Villager (Male) |
| 2:16 | Construir | Lumber Camp |
| 2:20 | Crear | Villager (Male) |
| 2:33 | Crear | Villager (Male) |
| 2:40 | Construir | House |
| 2:40 | Construir | House |
| 2:41 | Construir | House |
| 3:18 | Crear | Villager (Male) |
| 3:18 | Crear | Villager (Male) |
| 3:32 | Crear | Villager (Male) |
| 3:59 | Crear | Villager (Male) |
| 4:10 | Crear | Villager (Male) |
| 4:11 | Crear | Villager (Male) |
| 4:19 | Crear | Villager (Male) |
| 4:19 | Crear | Villager (Male) |
| 4:36 | Crear | Villager (Male) |
| 4:57 | Crear | Villager (Male) |
| 5:09 | Construir | Mill |
| 5:38 | Crear | Villager (Male) |
| 5:38 | Crear | Villager (Male) |
| 5:59 | Crear | Villager (Male) |
| 5:59 | Crear | Villager (Male) |
| 6:44 | Construir | Mill |
| 6:51 | Construir | Mining Camp |
| 6:55 | Construir | Mining Camp |
| 7:13 | Crear | Villager (Male) |
| 8:18 | Investigar | Feudal Age |
| 8:50 | Construir | Farm |
| 9:14 | Investigar | Loom |
| 9:15 | Investigar | Feudal Age |
| 9:50 | Construir | House |
| 10:37 | Crear | Villager (Male) |
| 10:38 | Crear | Villager (Male) |
| 10:38 | Crear | Villager (Male) |
| 10:38 | Crear | Villager (Male) |
| 11:25 | Construir | House |
| 11:49 | Edad | Edad Feudal |
| 12:02 | Construir | Watch Tower |
| 12:33 | Construir | Watch Tower |
| 12:40 | Construir | House |
| 12:41 | Construir | House |
| 12:42 | Construir | House |
| 12:53 | Construir | House |
| 14:43 | Crear | Villager (Male) |
| 14:43 | Crear | Villager (Male) |
| 14:43 | Crear | Villager (Male) |
| 14:44 | Crear | Villager (Male) |
| 14:44 | Crear | Villager (Male) |
| 14:44 | Crear | Villager (Male) |
| 15:12 | Crear | Villager (Male) |
| 15:13 | Crear | Villager (Male) |
| 17:00 | Construir | Farm |
| 17:01 | Construir | Farm |
| 18:35 | Construir | House |
| 19:29 | Construir | Lumber Camp |
| 20:26 | Construir | House |
| 21:47 | Construir | House |
| 25:41 | Construir | House |
| 26:20 | Crear | Villager (Male) |
| 26:20 | Crear | Villager (Male) |
| 26:20 | Crear | Villager (Male) |
| 26:21 | Crear | Villager (Male) |
| 26:21 | Crear | Villager (Male) |
Build order — bbcc
Primeras 150 de 559 acciones detectadas
| 0:01 | Crear | Villager (Male) |
| 0:01 | Crear | Villager (Male) ×3 |
| 0:02 | Construir | House |
| 0:03 | Construir | House |
| 1:16 | Crear | Villager (Male) |
| 1:40 | Crear | Villager (Male) |
| 2:26 | Crear | Villager (Male) |
| 2:40 | Crear | Villager (Male) |
| 2:55 | Crear | Villager (Male) |
| 3:17 | Crear | Villager (Male) |
| 3:24 | Crear | Villager (Male) |
| 3:49 | Construir | House |
| 3:50 | Construir | House |
| 3:51 | Construir | House |
| 3:57 | Crear | Villager (Male) |
| 3:57 | Crear | Villager (Male) |
| 4:23 | Crear | Villager (Male) |
| 4:40 | Crear | Villager (Male) |
| 4:50 | Construir | House |
| 5:05 | Crear | Villager (Male) |
| 5:14 | Crear | Villager (Male) |
| 5:20 | Construir | Lumber Camp |
| 5:35 | Crear | Villager (Male) |
| 5:39 | Crear | Villager (Male) |
| 5:43 | Crear | Villager (Male) |
| 6:06 | Crear | Villager (Male) |
| 6:24 | Construir | Mill |
| 6:28 | Crear | Villager (Male) |
| 7:28 | Crear | Villager (Male) |
| 7:35 | Construir | Mill |
| 7:44 | Crear | Villager (Male) |
| 7:48 | Construir | Farm |
| 7:53 | Construir | Farm |
| 8:15 | Construir | Farm |
| 8:51 | Construir | Mining Camp |
| 9:06 | Investigar | Feudal Age |
| 9:29 | Crear | Villager (Male) |
| 9:29 | Crear | Villager (Male) |
| 9:51 | Construir | Palisade Wall |
| 10:06 | Construir | House |
| 11:21 | Edad | Edad Feudal |
| 11:24 | Construir | Market |
| 11:27 | Construir | Blacksmith |
| 12:17 | Investigar | Castle Age |
| 12:22 | Investigar | Double-Bit Axe |
| 12:22 | Investigar | Double-Bit Axe |
| 12:34 | Investigar | Horse Collar |
| 12:34 | Investigar | Horse Collar |
| 14:57 | Edad | Edad de los Castillos |
| 15:01 | Construir | Town Center |
| 15:02 | Construir | Town Center |
| 15:04 | Investigar | Bow Saw |
| 15:05 | Investigar | Heavy Plow |
| 15:22 | Crear | Villager (Male) |
| 15:23 | Crear | Villager (Male) |
| 15:49 | Crear | Villager (Male) |
| 15:51 | Construir | Farm |
| 15:53 | Construir | Farm |
| 15:55 | Construir | Farm |
| 15:56 | Crear | Villager (Male) |
| 16:13 | Construir | Farm |
| 16:21 | Crear | Villager (Male) |
| 16:24 | Construir | Farm |
| 16:26 | Construir | Farm |
| 16:28 | Crear | Villager (Male) |
| 16:30 | Construir | Farm |
| 16:31 | Crear | Villager (Male) |
| 16:35 | Crear | Villager (Male) |
| 16:45 | Investigar | Wheelbarrow |
| 17:02 | Construir | Farm |
| 17:08 | Crear | Villager (Male) |
| 17:11 | Construir | Farm |
| 17:13 | Crear | Villager (Male) |
| 17:18 | Construir | Farm |
| 17:19 | Crear | Villager (Male) |
| 17:29 | Construir | House |
| 17:30 | Construir | House |
| 17:37 | Crear | Villager (Male) |
| 17:38 | Construir | Farm |
| 17:48 | Construir | Farm |
| 17:49 | Crear | Villager (Male) |
| 17:51 | Construir | Farm |
| 17:57 | Crear | Villager (Male) |
| 18:00 | Construir | Farm |
| 18:12 | Crear | Villager (Male) |
| 18:15 | Construir | Farm |
| 18:21 | Construir | Farm |
| 18:25 | Crear | Villager (Male) |
| 18:26 | Crear | Villager (Male) |
| 18:29 | Construir | Farm |
| 18:36 | Construir | House |
| 18:36 | Construir | House |
| 18:37 | Crear | Villager (Male) |
| 18:41 | Crear | Villager (Male) |
| 18:46 | Construir | Farm |
| 18:53 | Crear | Villager (Male) |
| 18:55 | Construir | Farm |
| 18:55 | Construir | Farm |
| 18:56 | Crear | Villager (Male) |
| 19:01 | Construir | Farm |
| 19:08 | Crear | Villager (Male) |
| 19:10 | Construir | Farm |
| 19:16 | Construir | House |
| 19:16 | Construir | House |
| 19:17 | Construir | House |
| 19:17 | Crear | Villager (Male) |
| 19:23 | Crear | Villager (Male) |
| 19:24 | Crear | Villager (Male) |
| 19:28 | Crear | Villager (Male) |
| 19:31 | Crear | Villager (Male) |
| 19:36 | Construir | Farm |
| 19:36 | Construir | Farm |
| 19:36 | Construir | Farm |
| 19:37 | Crear | Villager (Male) |
| 19:49 | Crear | Villager (Male) |
| 19:53 | Crear | Villager (Male) |
| 20:00 | Construir | Farm |
| 20:00 | Construir | Farm |
| 20:07 | Crear | Villager (Male) |
| 20:10 | Crear | Villager (Male) |
| 20:11 | Crear | Villager (Male) |
| 20:17 | Crear | Villager (Male) |
| 20:21 | Construir | Farm |
| 20:21 | Construir | Farm |
| 20:22 | Construir | Farm |
| 20:22 | Construir | Farm |
| 20:25 | Crear | Villager (Male) |
| 20:29 | Construir | House |
| 20:29 | Construir | House |
| 20:49 | Construir | Farm |
| 20:49 | Construir | Farm |
| 20:49 | Crear | Villager (Male) |
| 21:04 | Investigar | Hand Cart |
| 21:04 | Investigar | Hand Cart |
| 21:11 | Crear | Villager (Male) |
| 21:15 | Construir | Barracks |
| 21:17 | Crear | Villager (Male) |
| 21:30 | Crear | Villager (Male) |
| 21:32 | Construir | Mining Camp |
| 21:35 | Investigar | Gold Mining |
| 21:35 | Investigar | Gold Mining |
| 21:36 | Crear | Villager (Male) |
| 21:38 | Crear | Villager (Male) |
| 21:49 | Crear | Villager (Male) |
| 21:57 | Construir | Barracks |
| 22:04 | Crear | Villager (Male) |
| 22:06 | Crear | Villager (Male) |
| 22:07 | Investigar | Gold Shaft Mining |
| 22:08 | Crear | Villager (Male) |
| 22:18 | Construir | Farm |
Build order — 76561199637116397
Primeras 150 de 361 acciones detectadas
| 0:00 | Crear | Villager (Male) |
| 0:01 | Crear | Villager (Male) |
| 0:01 | Crear | Villager (Male) |
| 0:01 | Crear | Villager (Male) |
| 0:02 | Construir | House |
| 0:03 | Construir | House |
| 1:27 | Crear | Villager (Male) |
| 1:27 | Crear | Villager (Male) |
| 1:48 | Construir | Lumber Camp |
| 1:49 | Crear | Villager (Male) |
| 2:21 | Crear | Villager (Male) |
| 2:51 | Crear | Villager (Male) |
| 2:56 | Crear | Villager (Male) |
| 3:31 | Crear | Villager (Male) |
| 3:33 | Construir | House |
| 3:33 | Construir | House |
| 3:50 | Crear | Villager (Male) |
| 4:30 | Crear | Villager (Male) |
| 4:30 | Crear | Villager (Male) |
| 4:39 | Construir | Mill |
| 4:51 | Crear | Villager (Male) |
| 4:55 | Crear | Villager (Male) |
| 4:55 | Crear | Villager (Male) |
| 5:02 | Construir | House |
| 5:27 | Crear | Villager (Male) |
| 5:44 | Crear | Villager (Male) |
| 5:55 | Crear | Villager (Male) |
| 5:55 | Crear | Villager (Male) |
| 6:17 | Construir | Farm |
| 6:51 | Crear | Villager (Male) |
| 7:12 | Construir | Mining Camp |
| 7:21 | Crear | Villager (Male) |
| 7:42 | Crear | Villager (Male) |
| 7:55 | Construir | Mill |
| 8:00 | Crear | Villager (Male) |
| 9:06 | Crear | Villager (Male) |
| 9:17 | Crear | Villager (Male) |
| 9:55 | Investigar | Feudal Age |
| 10:25 | Construir | Farm |
| 12:11 | Edad | Edad Feudal |
| 12:11 | Investigar | Castle Age |
| 12:14 | Investigar | Double-Bit Axe |
| 12:16 | Investigar | Horse Collar |
| 12:32 | Construir | House |
| 12:34 | Construir | House |
| 12:41 | Construir | Farm |
| 12:42 | Construir | Farm |
| 12:42 | Construir | Farm |
| 12:42 | Construir | Farm |
| 12:46 | Construir | Farm |
| 12:47 | Construir | Farm |
| 12:53 | Construir | Farm |
| 14:35 | Crear | Villager (Male) |
| 14:36 | Crear | Villager (Male) |
| 14:40 | Investigar | Wheelbarrow |
| 14:51 | Edad | Edad de los Castillos |
| 14:53 | Construir | Town Center |
| 14:54 | Crear | Villager (Male) |
| 14:59 | Construir | Town Center |
| 15:03 | Crear | Villager (Male) |
| 15:07 | Investigar | Bow Saw |
| 15:13 | Crear | Villager (Male) |
| 15:51 | Crear | Villager (Male) |
| 15:57 | Construir | Farm |
| 15:59 | Construir | Farm |
| 16:15 | Crear | Villager (Male) |
| 16:15 | Crear | Villager (Male) |
| 16:20 | Investigar | Gold Mining |
| 16:20 | Investigar | Gold Mining |
| 16:23 | Crear | Villager (Male) |
| 16:23 | Crear | Villager (Male) |
| 16:24 | Crear | Villager (Male) |
| 16:34 | Construir | Farm |
| 16:36 | Crear | Villager (Male) |
| 16:42 | Crear | Villager (Male) |
| 17:10 | Crear | Villager (Male) |
| 17:21 | Crear | Villager (Male) |
| 17:28 | Construir | Stable |
| 17:31 | Crear | Villager (Male) |
| 17:37 | Crear | Villager (Male) |
| 17:41 | Crear | Villager (Male) |
| 17:42 | Crear | Villager (Male) |
| 18:07 | Crear | Villager (Male) |
| 18:12 | Construir | Stable |
| 18:13 | Crear | Villager (Male) |
| 18:19 | Construir | Farm |
| 18:21 | Crear | Villager (Male) |
| 18:23 | Construir | Farm |
| 18:24 | Crear | Villager (Male) |
| 18:35 | Crear | Villager (Male) |
| 18:37 | Construir | Farm |
| 18:39 | Construir | Farm |
| 18:40 | Crear | Villager (Male) |
| 18:44 | Construir | Farm |
| 18:45 | Crear | Villager (Male) |
| 18:52 | Crear | Villager (Male) |
| 18:58 | Crear | Villager (Male) |
| 19:07 | Construir | Stable |
| 19:09 | Crear | Villager (Male) |
| 19:15 | Construir | House |
| 19:16 | Construir | House |
| 19:16 | Construir | House |
| 19:16 | Construir | House |
| 19:44 | Construir | Siege Workshop |
| 19:46 | Crear | Villager (Male) |
| 19:51 | Investigar | Husbandry |
| 19:57 | Crear | Villager (Male) |
| 20:04 | Construir | Farm |
| 20:08 | Construir | House |
| 20:08 | Construir | House |
| 20:09 | Construir | House |
| 20:18 | Construir | Farm |
| 20:20 | Crear | Villager (Male) |
| 20:21 | Crear | Villager (Male) |
| 20:25 | Construir | Lumber Camp |
| 20:32 | Crear | Villager (Male) |
| 20:38 | Crear | Villager (Male) |
| 20:40 | Construir | House |
| 20:41 | Construir | House |
| 20:42 | Construir | House |
| 20:50 | Crear | Villager (Male) |
| 20:55 | Construir | Farm |
| 20:55 | Construir | Farm |
| 20:55 | Construir | Farm |
| 20:56 | Construir | Farm |
| 20:56 | Construir | Farm |
| 21:03 | Construir | Farm |
| 21:05 | Crear | Villager (Male) |
| 21:07 | Crear | Villager (Male) |
| 21:09 | Crear | Villager (Male) |
| 21:22 | Crear | Battering Ram |
| 21:28 | Crear | Scorpion |
| 21:31 | Crear | Villager (Male) |
| 21:36 | Investigar | Bloodlines |
| 21:44 | Construir | Farm |
| 21:45 | Construir | Farm |
| 21:46 | Crear | Villager (Male) |
| 21:49 | Construir | Farm |
| 21:51 | Crear | Villager (Male) |
| 21:53 | Construir | Farm |
| 21:54 | Crear | Villager (Male) |
| 22:04 | Crear | Scorpion |
| 22:06 | Crear | Villager (Male) |
| 22:10 | Construir | Farm |
| 22:11 | Crear | Villager (Male) |
| 22:15 | Construir | House |
| 22:17 | Construir | Farm |
| 22:18 | Crear | Villager (Male) |
| 22:22 | Construir | Farm |
| 22:27 | Crear | Villager (Male) |
Build order — TheBlackMamba
Primeras 150 de 260 acciones detectadas
| 0:00 | Crear | Villager (Male) |
| 0:01 | Crear | Villager (Male) |
| 0:01 | Crear | Villager (Male) |
| 0:01 | Crear | Villager (Male) |
| 0:03 | Construir | House |
| 0:05 | Construir | House |
| 0:44 | Construir | Palisade Gate |
| 0:56 | Construir | Palisade Wall |
| 0:57 | Construir | Palisade Wall |
| 1:00 | Construir | Palisade Wall |
| 1:04 | Construir | Palisade Wall |
| 1:12 | Crear | Villager (Male) |
| 1:12 | Crear | Villager (Male) |
| 1:16 | Construir | Palisade Wall |
| 1:18 | Construir | Palisade Wall |
| 1:22 | Construir | Palisade Wall |
| 1:26 | Construir | Palisade Wall |
| 1:28 | Construir | Palisade Wall |
| 1:31 | Construir | Palisade Wall |
| 1:36 | Crear | Villager (Male) |
| 1:36 | Crear | Villager (Male) |
| 2:07 | Crear | Villager (Male) |
| 2:07 | Crear | Villager (Male) |
| 2:27 | Crear | Villager (Male) |
| 2:27 | Crear | Villager (Male) |
| 2:52 | Crear | Villager (Male) |
| 2:52 | Crear | Villager (Male) |
| 3:11 | Crear | Villager (Male) |
| 3:11 | Crear | Villager (Male) |
| 3:33 | Construir | Lumber Camp |
| 3:49 | Construir | House |
| 4:05 | Crear | Villager (Male) |
| 4:05 | Crear | Villager (Male) |
| 4:26 | Crear | Villager (Male) |
| 4:27 | Investigar | Loom |
| 5:21 | Construir | Mining Camp |
| 5:59 | Investigar | Feudal Age |
| 6:34 | Construir | House |
| 6:41 | Crear | Villager (Male) |
| 8:09 | Edad | Edad Feudal |
| 8:12 | Construir | Blacksmith |
| 8:19 | Construir | Watch Tower |
| 8:20 | Crear | Villager (Male) |
| 8:37 | Investigar | Fletching |
| 8:37 | Crear | Villager (Male) |
| 8:51 | Crear | Villager (Male) |
| 9:15 | Crear | Villager (Male) |
| 9:15 | Crear | Villager (Male) |
| 9:40 | Crear | Villager (Male) |
| 9:40 | Crear | Villager (Male) |
| 10:36 | Crear | Villager (Male) |
| 10:37 | Crear | Villager (Male) |
| 10:50 | Crear | Villager (Male) |
| 10:50 | Crear | Villager (Male) |
| 10:51 | Crear | Villager (Male) |
| 10:54 | Construir | House |
| 11:15 | Construir | Watch Tower |
| 11:41 | Crear | Villager (Male) |
| 11:44 | Crear | Villager (Male) |
| 12:01 | Construir | House |
| 12:15 | Crear | Villager (Male) |
| 12:24 | Construir | Mill |
| 12:38 | Construir | Watch Tower |
| 12:46 | Crear | Villager (Male) |
| 12:47 | Crear | Villager (Male) |
| 12:48 | Crear | Villager (Male) |
| 12:48 | Crear | Villager (Male) |
| 12:50 | Construir | House |
| 13:39 | Construir | Stone Wall |
| 13:40 | Construir | Stone Wall |
| 13:41 | Construir | Stone Wall |
| 14:24 | Crear | Villager (Male) |
| 14:32 | Crear | Villager (Male) |
| 14:44 | Crear | Villager (Male) |
| 14:44 | Crear | Villager (Male) |
| 14:56 | Crear | Villager (Male) |
| 15:05 | Construir | Watch Tower |
| 15:07 | Construir | House |
| 15:08 | Construir | House |
| 15:10 | Construir | Stone Wall |
| 15:12 | Construir | Stone Wall |
| 15:14 | Construir | Stone Wall |
| 15:23 | Construir | Stone Wall |
| 15:28 | Crear | Villager (Male) |
| 15:28 | Crear | Villager (Male) |
| 15:32 | Construir | Farm |
| 15:33 | Construir | Farm |
| 15:34 | Construir | Farm |
| 15:35 | Construir | Farm |
| 15:58 | Construir | Watch Tower |
| 16:08 | Construir | Farm |
| 16:25 | Construir | Farm |
| 16:30 | Investigar | Double-Bit Axe |
| 16:31 | Construir | House |
| 16:40 | Investigar | Wheelbarrow |
| 16:41 | Investigar | Wheelbarrow |
| 17:07 | Construir | Watch Tower |
| 17:23 | Construir | Stone Wall |
| 17:27 | Crear | Villager (Male) |
| 17:27 | Crear | Villager (Male) |
| 17:39 | Construir | Farm |
| 17:40 | Construir | Farm |
| 17:44 | Construir | House |
| 17:51 | Crear | Villager (Male) |
| 18:07 | Crear | Villager (Male) |
| 18:10 | Construir | Farm |
| 18:13 | Construir | Farm |
| 18:29 | Crear | Villager (Male) |
| 18:31 | Construir | House |
| 18:52 | Crear | Villager (Male) |
| 19:13 | Crear | Villager (Male) |
| 19:26 | Construir | Stone Wall |
| 19:31 | Crear | Villager (Male) |
| 19:42 | Construir | Farm |
| 19:42 | Construir | Farm |
| 19:42 | Construir | Farm |
| 19:43 | Construir | Farm |
| 19:43 | Construir | Farm |
| 19:45 | Construir | House |
| 19:53 | Construir | Watch Tower |
| 20:00 | Crear | Villager (Male) |
| 20:28 | Construir | Mining Camp |
| 20:30 | Crear | Villager (Male) |
| 20:35 | Construir | Stone Wall |
| 20:51 | Construir | House |
| 21:05 | Construir | Stone Wall |
| 21:09 | Construir | Stone Wall |
| 21:25 | Crear | Villager (Male) |
| 21:26 | Crear | Villager (Male) |
| 21:32 | Construir | Market |
| 22:01 | Crear | Villager (Male) |
| 22:06 | Construir | Watch Tower |
| 22:16 | Construir | Gate |
| 22:20 | Construir | Stone Wall |
| 22:32 | Investigar | Castle Age |
| 22:32 | Investigar | Castle Age |
| 22:45 | Crear | Villager (Male) |
| 22:54 | Construir | Outpost |
| 23:17 | Construir | House |
| 23:24 | Construir | Outpost |
| 23:26 | Construir | Outpost |
| 23:27 | Construir | Outpost |
| 24:04 | Construir | Watch Tower |
| 24:40 | Construir | Outpost |
| 24:47 | Construir | Farm |
| 25:14 | Construir | Outpost |
| 25:20 | Edad | Edad de los Castillos |
| 25:29 | Construir | Siege Workshop |
| 25:35 | Investigar | Town Watch |
| 25:45 | Construir | Stone Wall |
Build order — Black-ants
Primeras 150 de 325 acciones detectadas
| 0:01 | Crear | Villager (Male) |
| 0:02 | Crear | Villager (Male) |
| 0:03 | Construir | House |
| 0:07 | Construir | House |
| 0:08 | Construir | House |
| 0:09 | Construir | House |
| 0:10 | Crear | Villager (Male) |
| 0:14 | Crear | Villager (Male) |
| 0:55 | Construir | Lumber Camp |
| 1:37 | Crear | Villager (Male) |
| 2:15 | Crear | Villager (Male) |
| 2:39 | Crear | Villager (Male) |
| 2:57 | Crear | Villager (Male) |
| 3:26 | Crear | Villager (Male) |
| 3:44 | Crear | Villager (Male) |
| 3:58 | Crear | Villager (Male) |
| 4:08 | Investigar | Double-Bit Axe |
| 4:32 | Crear | Villager (Male) |
| 4:58 | Crear | Villager (Male) |
| 5:03 | Construir | Mill |
| 5:19 | Crear | Villager (Male) |
| 5:20 | Crear | Villager (Male) |
| 5:57 | Crear | Villager (Male) |
| 5:57 | Crear | Villager (Male) |
| 6:50 | Crear | Villager (Male) |
| 7:10 | Crear | Villager (Male) |
| 7:22 | Construir | Farm |
| 7:23 | Construir | Farm |
| 7:24 | Construir | Farm |
| 7:26 | Crear | Villager (Male) |
| 8:15 | Crear | Villager (Male) |
| 8:22 | Construir | Mining Camp |
| 8:34 | Crear | Villager (Male) |
| 9:01 | Construir | Farm |
| 9:16 | Investigar | Feudal Age |
| 9:37 | Construir | House |
| 11:20 | Crear | Villager (Male) |
| 11:21 | Crear | Villager (Male) |
| 11:26 | Edad | Edad Feudal |
| 11:28 | Construir | Market |
| 11:31 | Construir | Blacksmith |
| 12:16 | Investigar | Castle Age |
| 12:41 | Investigar | Bow Saw |
| 12:59 | Investigar | Horse Collar |
| 13:31 | Investigar | Heavy Plow |
| 14:29 | Construir | Farm |
| 14:33 | Construir | Farm |
| 14:56 | Edad | Edad de los Castillos |
| 14:59 | Construir | Town Center |
| 15:04 | Construir | Town Center |
| 15:06 | Crear | Villager (Male) |
| 15:19 | Construir | Farm |
| 15:30 | Crear | Villager (Male) |
| 15:35 | Construir | House |
| 15:36 | Construir | House |
| 15:37 | Construir | House |
| 15:51 | Investigar | Wheelbarrow |
| 16:05 | Crear | Villager (Male) |
| 16:15 | Crear | Villager (Male) |
| 16:15 | Crear | Villager (Male) |
| 16:16 | Crear | Villager (Male) |
| 16:19 | Construir | Farm |
| 16:20 | Construir | Farm |
| 16:25 | Crear | Villager (Male) |
| 16:40 | Construir | Farm |
| 16:42 | Crear | Villager (Male) |
| 16:48 | Investigar | Gold Mining |
| 16:53 | Crear | Villager (Male) |
| 17:05 | Construir | Farm |
| 17:11 | Crear | Villager (Male) |
| 17:17 | Construir | Farm |
| 17:20 | Crear | Villager (Male) |
| 17:32 | Construir | Farm |
| 17:36 | Construir | Farm |
| 17:43 | Construir | Farm |
| 17:43 | Crear | Villager (Male) |
| 17:46 | Construir | House |
| 17:48 | Crear | Villager (Male) |
| 17:52 | Construir | House |
| 17:52 | Construir | House |
| 18:03 | Crear | Villager (Male) |
| 18:08 | Construir | Farm |
| 18:08 | Crear | Villager (Male) |
| 18:14 | Construir | Farm |
| 18:20 | Construir | House |
| 18:21 | Construir | House |
| 18:22 | Construir | House |
| 18:23 | Crear | Villager (Male) |
| 18:28 | Crear | Villager (Male) |
| 18:33 | Construir | Farm |
| 18:39 | Construir | Farm |
| 18:40 | Crear | Villager (Male) |
| 18:43 | Crear | Villager (Male) |
| 18:47 | Construir | Farm |
| 19:00 | Crear | Villager (Male) |
| 19:04 | Construir | Farm |
| 19:04 | Crear | Villager (Male) |
| 19:11 | Crear | Villager (Male) |
| 19:13 | Construir | Farm |
| 19:14 | Crear | Villager (Male) |
| 19:19 | Construir | Farm |
| 19:30 | Construir | Farm |
| 19:31 | Crear | Villager (Male) |
| 19:37 | Construir | Farm |
| 19:37 | Crear | Villager (Male) |
| 19:41 | Crear | Villager (Male) |
| 19:48 | Crear | Villager (Male) |
| 19:48 | Construir | Farm |
| 19:49 | Crear | Villager (Male) |
| 19:59 | Crear | Villager (Male) |
| 20:10 | Construir | Mill |
| 20:14 | Construir | Farm |
| 20:14 | Crear | Villager (Male) |
| 20:17 | Crear | Villager (Male) |
| 20:20 | Crear | Villager (Male) |
| 20:26 | Crear | Villager (Male) |
| 20:29 | Construir | Farm |
| 20:30 | Crear | Villager (Male) |
| 20:40 | Crear | Villager (Male) |
| 20:42 | Construir | House |
| 20:43 | Construir | House |
| 20:43 | Construir | House |
| 20:43 | Construir | House |
| 20:44 | Construir | House |
| 20:46 | Crear | Villager (Male) |
| 20:51 | Construir | Farm |
| 20:53 | Construir | Farm |
| 20:55 | Crear | Villager (Male) |
| 21:01 | Crear | Villager (Male) |
| 21:04 | Crear | Villager (Male) |
| 21:07 | Construir | Farm |
| 21:08 | Construir | Farm |
| 21:13 | Construir | Farm |
| 21:14 | Construir | Farm |
| 21:16 | Crear | Villager (Male) |
| 21:18 | Crear | Villager (Male) |
| 21:22 | Construir | Monastery |
| 21:23 | Crear | Villager (Male) |
| 21:31 | Crear | Villager (Male) |
| 21:44 | Construir | University |
| 21:45 | Crear | Villager (Male) |
| 21:50 | Construir | Farm |
| 21:51 | Crear | Villager (Male) |
| 22:06 | Investigar | Loom |
| 22:09 | Investigar | Hand Cart |
| 22:11 | Crear | Villager (Male) |
| 22:14 | Crear | Villager (Male) |
| 22:29 | Crear | Villager (Male) |
| 22:31 | Construir | House |
| 22:32 | Construir | House |
Build order — PaLikaRi
Primeras 150 de 442 acciones detectadas
| 0:02 | Crear | Villager (Male) |
| 0:04 | Construir | House |
| 0:05 | Construir | House |
| 0:05 | Crear | Villager (Male) |
| 0:06 | Crear | Villager (Male) |
| 0:14 | Crear | Villager (Male) |
| 0:14 | Crear | Villager (Male) |
| 0:14 | Crear | Villager (Male) |
| 1:42 | Crear | Villager (Male) |
| 1:43 | Crear | Villager (Male) |
| 1:51 | Crear | Villager (Male) |
| 2:15 | Construir | Lumber Camp |
| 2:22 | Crear | Villager (Male) |
| 2:33 | Crear | Villager (Male) |
| 2:33 | Crear | Villager (Male) |
| 3:02 | Crear | Villager (Male) |
| 3:02 | Crear | Villager (Male) |
| 3:09 | Construir | House |
| 3:39 | Crear | Villager (Male) |
| 3:39 | Crear | Villager (Male) |
| 4:11 | Crear | Villager (Male) |
| 4:11 | Crear | Villager (Male) |
| 4:11 | Crear | Villager (Male) |
| 4:42 | Crear | Villager (Male) |
| 5:12 | Construir | Mill |
| 5:13 | Crear | Villager (Male) |
| 5:25 | Crear | Villager (Male) |
| 6:23 | Investigar | Feudal Age |
| 7:56 | Crear | Villager (Male) |
| 8:12 | Construir | House |
| 8:13 | Construir | House |
| 8:33 | Edad | Edad Feudal |
| 8:35 | Crear | Villager (Male) |
| 8:41 | Construir | Town Center |
| 8:50 | Investigar | Double-Bit Axe |
| 8:51 | Investigar | Horse Collar |
| 9:16 | Crear | Villager (Male) |
| 9:55 | Construir | Farm |
| 9:56 | Crear | Villager (Male) |
| 10:22 | Crear | Villager (Male) |
| 10:32 | Construir | Farm |
| 10:36 | Construir | Farm |
| 11:00 | Crear | Villager (Male) |
| 11:12 | Crear | Villager (Male) |
| 11:12 | Crear | Villager (Male) |
| 11:17 | Construir | Farm |
| 11:25 | Construir | Farm |
| 11:27 | Crear | Villager (Male) |
| 11:37 | Crear | Villager (Male) |
| 11:45 | Crear | Villager (Male) |
| 11:45 | Crear | Villager (Male) |
| 11:52 | Construir | Farm |
| 11:57 | Construir | House |
| 11:58 | Construir | House |
| 12:01 | Crear | Villager (Male) |
| 12:01 | Crear | Villager (Male) |
| 12:12 | Construir | Farm |
| 12:15 | Crear | Villager (Male) |
| 12:23 | Crear | Villager (Male) |
| 12:23 | Crear | Villager (Male) |
| 12:32 | Construir | Farm |
| 12:45 | Crear | Villager (Male) |
| 12:45 | Crear | Villager (Male) |
| 12:53 | Construir | House |
| 12:54 | Crear | Villager (Male) |
| 12:54 | Crear | Villager (Male) |
| 12:54 | Crear | Villager (Male) |
| 13:00 | Construir | Farm |
| 13:03 | Construir | Farm |
| 13:06 | Construir | Farm |
| 13:17 | Construir | Farm |
| 13:19 | Crear | Villager (Male) |
| 13:19 | Crear | Villager (Male) |
| 13:19 | Crear | Villager (Male) |
| 13:38 | Crear | Villager (Male) |
| 13:42 | Construir | Mining Camp |
| 13:46 | Construir | House |
| 13:47 | Crear | Villager (Male) |
| 13:48 | Crear | Villager (Male) |
| 14:03 | Crear | Villager (Male) |
| 14:11 | Construir | Farm |
| 14:14 | Construir | Farm |
| 14:19 | Construir | House |
| 14:20 | Crear | Villager (Male) |
| 14:20 | Crear | Villager (Male) |
| 14:31 | Construir | Farm |
| 14:45 | Construir | Farm |
| 14:46 | Crear | Villager (Male) |
| 14:46 | Crear | Villager (Male) |
| 14:58 | Construir | Farm |
| 15:00 | Construir | House |
| 15:02 | Crear | Villager (Male) |
| 15:14 | Crear | Villager (Male) |
| 15:35 | Construir | Market |
| 15:37 | Crear | Villager (Male) |
| 15:47 | Construir | Farm |
| 15:53 | Crear | Villager (Male) |
| 16:08 | Construir | Blacksmith |
| 16:17 | Construir | House |
| 16:47 | Investigar | Castle Age |
| 16:49 | Investigar | Wheelbarrow |
| 16:54 | Construir | Barracks |
| 17:21 | Construir | House |
| 17:22 | Construir | House |
| 17:35 | Investigar | Scale Barding Armor |
| 17:36 | Investigar | Gold Mining |
| 17:39 | Crear | Villager (Male) |
| 17:39 | Crear | Villager (Male) |
| 17:43 | Construir | Farm |
| 17:46 | Construir | Farm |
| 17:51 | Construir | Farm |
| 18:11 | Construir | Stable |
| 18:29 | Construir | Stable |
| 18:34 | Construir | Stable |
| 18:49 | Investigar | Forging |
| 18:55 | Crear | Villager (Male) |
| 18:55 | Crear | Villager (Male) |
| 18:57 | Investigar | Bloodlines |
| 19:08 | Construir | House |
| 19:09 | Construir | House |
| 19:24 | Crear | Villager (Male) |
| 19:27 | Edad | Edad de los Castillos |
| 19:30 | Construir | Mining Camp |
| 19:32 | Crear | Steppe Lancer |
| 19:34 | Investigar | Chain Barding Armor |
| 19:52 | Crear | Villager (Male) |
| 19:56 | Crear | Villager (Male) |
| 20:00 | Investigar | Bow Saw |
| 20:10 | Construir | Mill |
| 20:11 | Construir | Farm |
| 20:11 | Construir | Farm |
| 20:11 | Construir | Farm |
| 20:12 | Construir | Farm |
| 20:12 | Construir | Farm |
| 20:12 | Construir | Farm |
| 20:17 | Crear | Steppe Lancer |
| 20:18 | Crear | Steppe Lancer |
| 20:21 | Crear | Villager (Male) |
| 20:39 | Crear | Steppe Lancer |
| 20:39 | Crear | Steppe Lancer |
| 20:43 | Crear | Steppe Lancer |
| 20:44 | Crear | Steppe Lancer |
| 20:49 | Construir | Farm |
| 20:50 | Crear | Villager (Male) |
| 20:53 | Crear | Villager (Male) |
| 21:02 | Construir | Farm |
| 21:06 | Crear | Steppe Lancer |
| 21:06 | Crear | Steppe Lancer |
| 21:29 | Crear | Steppe Lancer |
| 21:30 | Crear | Knight |
Build order — RJYQwQ
Primeras 150 de 409 acciones detectadas
| 0:01 | Crear | Villager (Male) |
| 0:02 | Crear | Villager (Male) |
| 0:03 | Construir | House |
| 0:04 | Construir | House |
| 0:20 | Crear | Villager (Male) |
| 0:35 | Crear | Villager (Male) |
| 1:33 | Crear | Villager (Male) |
| 1:55 | Crear | Villager (Male) |
| 2:22 | Crear | Villager (Male) |
| 2:27 | Construir | Settlement |
| 2:28 | Crear | Villager (Male) |
| 2:28 | Crear | Villager (Male) |
| 2:51 | Crear | Villager (Male) |
| 3:34 | Crear | Villager (Male) |
| 3:57 | Crear | Villager (Male) |
| 4:12 | Crear | Villager (Male) |
| 4:58 | Construir | Settlement |
| 5:02 | Crear | Villager (Male) |
| 5:09 | Crear | Villager (Male) |
| 5:09 | Crear | Villager (Male) |
| 5:37 | Crear | Villager (Male) |
| 6:01 | Crear | Villager (Male) |
| 6:31 | Construir | Farm |
| 6:36 | Crear | Villager (Male) |
| 6:52 | Construir | Farm |
| 7:29 | Crear | Villager (Male) |
| 7:51 | Crear | Villager (Male) |
| 8:13 | Investigar | Feudal Age |
| 8:42 | Construir | House |
| 9:35 | Crear | Villager (Male) |
| 10:32 | Edad | Edad Feudal |
| 10:37 | Construir | Market |
| 10:56 | Crear | Villager (Male) |
| 11:01 | Construir | Blacksmith |
| 11:25 | Investigar | Castle Age |
| 11:25 | Investigar | Castle Age |
| 11:52 | Investigar | Double-Bit Axe |
| 12:19 | Investigar | Horse Collar |
| 13:31 | Crear | Villager (Male) |
| 14:04 | Edad | Edad de los Castillos |
| 14:07 | Construir | Town Center |
| 14:20 | Construir | Town Center |
| 14:23 | Crear | Villager (Male) |
| 14:35 | Investigar | Bow Saw |
| 14:50 | Crear | Villager (Male) |
| 15:11 | Investigar | Heavy Plow |
| 15:15 | Crear | Villager (Male) |
| 15:26 | Crear | Villager (Male) |
| 15:27 | Crear | Villager (Male) |
| 15:32 | Construir | Farm |
| 15:35 | Crear | Villager (Male) |
| 15:42 | Construir | Farm |
| 15:44 | Crear | Villager (Male) |
| 15:50 | Construir | Farm |
| 15:51 | Crear | Villager (Male) |
| 15:58 | Crear | Villager (Male) |
| 16:00 | Construir | Farm |
| 16:12 | Construir | Farm |
| 16:13 | Crear | Villager (Male) |
| 16:18 | Crear | Villager (Male) |
| 16:20 | Construir | Farm |
| 16:24 | Crear | Villager (Male) |
| 16:34 | Construir | Farm |
| 16:37 | Crear | Villager (Male) |
| 16:39 | Construir | Farm |
| 16:45 | Construir | Farm |
| 16:53 | Construir | Farm |
| 16:58 | Construir | Farm |
| 17:12 | Construir | Farm |
| 17:14 | Crear | Villager (Male) |
| 17:14 | Crear | Villager (Male) |
| 17:16 | Construir | Farm |
| 17:23 | Construir | House |
| 17:24 | Construir | House |
| 17:29 | Construir | Farm |
| 17:32 | Construir | Farm |
| 17:42 | Investigar | Wheelbarrow |
| 17:47 | Construir | Farm |
| 17:56 | Construir | House |
| 17:56 | Construir | House |
| 18:03 | Crear | Villager (Male) |
| 18:10 | Construir | Farm |
| 18:11 | Crear | Villager (Male) |
| 18:14 | Construir | Farm |
| 18:18 | Crear | Villager (Male) |
| 18:28 | Crear | Villager (Male) |
| 18:39 | Construir | Farm |
| 18:43 | Construir | Farm |
| 18:44 | Crear | Villager (Male) |
| 18:45 | Crear | Villager (Male) |
| 19:00 | Crear | Villager (Male) |
| 19:06 | Construir | Town Center |
| 19:12 | Crear | Villager (Male) |
| 19:18 | Construir | House |
| 19:18 | Construir | House |
| 19:22 | Construir | Farm |
| 19:25 | Crear | Villager (Male) |
| 19:25 | Crear | Villager (Male) |
| 19:34 | Crear | Villager (Male) |
| 19:42 | Construir | Farm |
| 19:43 | Crear | Villager (Male) |
| 19:59 | Crear | Villager (Male) |
| 19:59 | Crear | Villager (Male) |
| 20:03 | Construir | Monastery |
| 20:05 | Crear | Villager (Male) |
| 20:08 | Construir | Farm |
| 20:09 | Construir | Farm |
| 20:11 | Crear | Villager (Male) |
| 20:14 | Crear | Villager (Male) |
| 20:14 | Crear | Villager (Male) |
| 20:16 | Construir | Farm |
| 20:25 | Construir | Farm |
| 20:26 | Crear | Villager (Male) |
| 20:27 | Crear | Villager (Male) |
| 20:30 | Construir | Farm |
| 20:39 | Crear | Villager (Male) |
| 20:39 | Crear | Villager (Male) |
| 20:43 | Construir | Farm |
| 20:44 | Crear | Villager (Male) |
| 20:44 | Crear | Villager (Male) |
| 20:48 | Construir | House |
| 20:49 | Construir | House |
| 20:57 | Construir | Farm |
| 20:57 | Crear | Villager (Male) |
| 20:59 | Construir | Farm |
| 21:04 | Crear | Monk |
| 21:09 | Crear | Spearman |
| 21:10 | Crear | Villager (Male) |
| 21:11 | Crear | Villager (Male) |
| 21:13 | Construir | House |
| 21:14 | Construir | House |
| 21:16 | Crear | Villager (Male) |
| 21:21 | Investigar | Town Watch |
| 21:26 | Construir | Farm |
| 21:27 | Construir | Farm |
| 21:29 | Crear | Villager (Male) |
| 21:33 | Crear | Villager (Male) |
| 21:35 | Construir | Farm |
| 21:39 | Construir | Farm |
| 21:43 | Crear | Villager (Male) |
| 21:43 | Crear | Villager (Male) |
| 21:50 | Crear | Villager (Male) |
| 22:14 | Crear | Villager (Male) |
| 22:14 | Crear | Villager (Male) |
| 22:19 | Crear | Villager (Male) |
| 22:23 | Crear | Villager (Male) |
| 22:26 | Construir | Farm |
| 22:27 | Construir | Farm |
| 22:32 | Construir | Outpost |
| 22:33 | Crear | Villager (Male) |
Cronología de la partida
| 0:56 | TheBlackMamba · wall_segment Palisade Wall x1 |
| 0:57 | TheBlackMamba · wall_segment Palisade Wall x1 |
| 1:00 | TheBlackMamba · wall_segment Palisade Wall x1 |
| 1:04 | TheBlackMamba · wall_segment Palisade Wall x1 |
| 1:16 | TheBlackMamba · wall_segment Palisade Wall x1 |
| 1:18 | TheBlackMamba · wall_segment Palisade Wall x1 |
| 1:22 | TheBlackMamba · wall_segment Palisade Wall x1 |
| 1:26 | TheBlackMamba · wall_segment Palisade Wall x1 |
| 1:28 | TheBlackMamba · wall_segment Palisade Wall x1 |
| 1:31 | TheBlackMamba · wall_segment Palisade Wall x1 |
| 8:09 | TheBlackMamba · age_up feudal |
| 8:33 | PaLikaRi · age_up feudal |
| 9:51 | bbcc · wall_segment Palisade Wall x1 |
| 10:11 | 抖音KK · age_up feudal |
| 10:32 | RJYQwQ · age_up feudal |
| 11:21 | bbcc · age_up feudal |
| 11:26 | Black-ants · age_up feudal |
| 11:49 | 白鹿城大兵WOLOLO · age_up feudal |
| 12:11 | 76561199637116397 · age_up feudal |
| 13:39 | TheBlackMamba · wall_segment Stone Wall x1 |
| 13:40 | TheBlackMamba · wall_segment Stone Wall x1 |
| 13:41 | TheBlackMamba · wall_segment Stone Wall x1 |
| 13:41 | 抖音KK · age_up castle |
| 14:04 | RJYQwQ · age_up castle |
| 14:16 | 抖音KK · first_building Monastery |
| 14:51 | 76561199637116397 · age_up castle |
| 14:56 | Black-ants · age_up castle |
| 14:57 | bbcc · age_up castle |
| 15:09 | bbcc · first_market_buy 100 wood |
| 15:10 | TheBlackMamba · wall_segment Stone Wall x1 |
| 15:12 | TheBlackMamba · wall_segment Stone Wall x1 |
| 15:14 | TheBlackMamba · wall_segment Stone Wall x1 |
| 15:23 | TheBlackMamba · wall_segment Stone Wall x1 |
| 16:47 | Black-ants · first_market_buy 100 food |
| 16:54 | PaLikaRi · first_building Barracks |
| 17:23 | TheBlackMamba · wall_segment Stone Wall x1 |
| 17:28 | 76561199637116397 · first_building Stable |
| 18:11 | PaLikaRi · first_building Stable |
| 18:59 | RJYQwQ · first_market_buy 100 stone |
| 19:26 | TheBlackMamba · wall_segment Stone Wall x9 |
| 19:27 | PaLikaRi · age_up castle |
| 19:44 | 76561199637116397 · first_building Siege Workshop |
| 20:03 | RJYQwQ · first_building Monastery |
| 20:35 | TheBlackMamba · wall_segment Stone Wall x6 |
| 21:05 | TheBlackMamba · wall_segment Stone Wall x1 |
| 21:09 | TheBlackMamba · wall_segment Stone Wall x1 |
| 21:15 | bbcc · first_building Barracks |
| 21:22 | Black-ants · first_building Monastery |
| 22:20 | TheBlackMamba · wall_segment Stone Wall x1 |
| 22:31 | TheBlackMamba · first_market_sell 100 wood |
| 23:03 | bbcc · first_building Siege Workshop |
| 23:07 | PaLikaRi · first_market_buy 100 wood |
| 23:13 | Black-ants · first_building Barracks |
| 23:14 | 抖音KK · first_building Barracks |
| 24:03 | RJYQwQ · first_building Siege Workshop |
| 24:32 | 抖音KK · first_building Siege Workshop |
| 25:20 | TheBlackMamba · age_up castle |
| 25:25 | TheBlackMamba · first_market_buy 100 wood |
| 25:29 | TheBlackMamba · first_building Siege Workshop |
| 25:30 | RJYQwQ · first_building Barracks |
| 25:45 | TheBlackMamba · wall_segment Stone Wall x1 |
| 25:47 | TheBlackMamba · wall_segment Stone Wall x1 |
| 25:50 | TheBlackMamba · wall_segment Stone Wall x1 |
| 26:00 | TheBlackMamba · wall_segment Stone Wall x1 |
| 26:12 | Black-ants · first_building Archery Range |
| 26:12 | RJYQwQ · first_market_sell 100 food |
| 26:33 | 抖音KK · wall_segment Stone Wall x1 |
| 26:53 | Black-ants · age_up imperial |
| 26:58 | RJYQwQ · first_building Archery Range |
| 27:00 | 抖音KK · age_up imperial |
| 27:35 | Black-ants · first_building Siege Workshop |
| 28:29 | 抖音KK · first_building Castle |
| 29:04 | 76561199637116397 · first_building Castle |
| 30:11 | PaLikaRi · first_building Monastery |
| 31:02 | RJYQwQ · first_building Castle |
| 31:21 | TheBlackMamba · first_building Barracks |
| 31:54 | Black-ants · first_market_sell 100 food |
| 32:08 | TheBlackMamba · first_building Archery Range |
| 32:10 | bbcc · age_up imperial |
| 32:27 | PaLikaRi · first_market_sell 500 wood |
| 33:07 | TheBlackMamba · age_up imperial |
| 33:34 | TheBlackMamba · first_building Castle |
| 33:41 | Black-ants · wall_segment Stone Wall x4 |
| 33:50 | 76561199637116397 · first_market_sell 100 food |
| 34:25 | PaLikaRi · age_up imperial |
| 35:14 | PaLikaRi · first_building Castle |
| 35:35 | PaLikaRi · first_building Siege Workshop |
| 35:44 | 抖音KK · first_market_buy 100 food |
| 37:06 | 76561199637116397 · age_up imperial |
| 37:37 | bbcc · first_building Castle |
| 38:08 | Black-ants · wall_segment Stone Wall x7 |
| 38:33 | PaLikaRi · tribute_sent a jugador 1 |
| 38:33 | PaLikaRi · tribute_sent a jugador 2 |
| 38:33 | PaLikaRi · tribute_sent a jugador 3 |
| 38:33 | PaLikaRi · tribute_sent a jugador 4 |
| 38:33 | PaLikaRi · tribute_sent a jugador 5 |
| 38:33 | PaLikaRi · tribute_sent a jugador 6 |
| 38:33 | PaLikaRi · tribute_sent a jugador 8 |
| 39:06 | bbcc · first_market_sell 500 wood |
| 40:05 | Black-ants · resign |
| 40:33 | 76561199637116397 · tribute_sent a jugador 1 |
| 40:33 | 76561199637116397 · tribute_sent a jugador 2 |
| 40:33 | 76561199637116397 · tribute_sent a jugador 4 |
| 40:33 | 76561199637116397 · tribute_sent a jugador 5 |
| 40:33 | 76561199637116397 · tribute_sent a jugador 6 |
| 40:33 | 76561199637116397 · tribute_sent a jugador 7 |
| 40:33 | 76561199637116397 · tribute_sent a jugador 8 |
[ ANÁLISIS IA · 1 CRÉDITO ]
¿Qué pasó realmente en esta partida?
Wolo.gg analiza cada decisión: build order, eco, micro, errores típicos por bracket. Análisis personalizado por WhatsApp o Discord en 30 segundos.
Guía civ
Etíopes
Perfil
CNZS_KK